 Dungeon Crawl Stone Soup version 0.30-a0-956-gcec3b41aec (webtiles) character file.

Game seed: 8110334095312177787

47 DeathPants the Trooper (level 3, -5/33 HPs)
             Began as a Ghoul Monk on Mar 29, 2023.
             Slain by a worm (10 damage)
             ... on level 2 of the Dungeon.
             The game lasted 00:04:23 (1699 turns).

DeathPants the Trooper (Ghoul Monk)                 Turns: 1699, Time: 00:04:23

Health: -5/33      AC:  2    Str: 14    XL:     3   Next: 70%
Magic:  2/2        EV: 13    Int:  5    God:
Gold:   87         SH:  0    Dex: 13    Spells: 2/2 levels left

rFire   . . .      SeeInvis .    b - +0 dagger
rCold   + . .      Faith    .    (no shield)
rNeg    + + +      Spirit   .    e - +0 robe
rPois   ∞          Reflect  .    (no helmet)
rElec   .          Rampage  .    (no cloak)
rCorr   +                        (no gloves)
Will    .....                    (no boots)
Stlth   ++                       (no amulet)
HPRegen 0.00/turn                d - ring of resist corrosion
MPRegen 0.08/turn                (no ring)

@: inhibited regen
A: claws 1, cold resistance 1, negative energy resistance 3, inhibited
regeneration, torment resistance 2, devour on kill
a: no special abilities


You were on level 2 of the Dungeon.
You visited 1 branch of the dungeon, and saw 2 of its levels.

You collected 87 gold pieces.

Inventory:

Hand Weapons
 a - a +0 short sword
 b - a +0 dagger (weapon)
Missiles
 j - 5 boomerangs (quivered)
Armour
 e - a +0 robe (worn)
Jewellery
 d - a ring of resist corrosion (left claw)
Scrolls
 i - a scroll of fog {unknown}
 k - a scroll of enchant armour {unknown}
 l - a scroll of immolation {unknown}
Potions
 c - a potion of ambrosia
 f - 2 potions of magic {unknown}
 g - a potion of brilliance {unknown}
 h - 2 potions of berserk rage {unknown}


   Skills:
 + Level 3.8 Fighting
 + Level 3.1 Short Blades
 + Level 3.1 Dodging
 + Level 2.9 Stealth


You had 2 spell levels left.
You didn't know any spells.
Your spell library was empty.

Dungeon Overview and Level Annotations

Branches:
Dungeon (2/15)

Altars:


Innate Abilities, Weirdness & Mutations

You are immune to poison.
You have sharp fingernails.
Your flesh is cold resistant. (rC+)
You are immune to negative energy. (rN+++)
You do not regenerate when monsters are visible.
You are immune to unholy pain and torment.
You thrive by killing the living.


Message History

The worm is lightly wounded.
You hit the worm.
The worm is moderately wounded.
The worm barely misses you.
You hit the worm but do no damage.
The worm is moderately wounded.
The worm bites you!
You hit the worm.
The worm is moderately wounded.
You hit the worm but do no damage.
The worm is moderately wounded.
The worm misses you.
You hit the worm.
The worm is moderately wounded.
You hit the worm.
The worm is heavily wounded.
You hit the worm.
The worm is severely wounded.
The worm barely misses you.
Throw: 6 boomerangs
Press: ? - help, Q - select action Shift-Dir - straight line, f - worm
Aim: a worm (severely wounded, 77% to hit)
You throw a boomerang.
The boomerang completely misses the worm.
The worm barely misses you.
You hit the worm but do no damage.
The worm is severely wounded.
You hit the worm.
The worm is severely wounded.
The worm bites you!
* * * LOW HITPOINT WARNING * * *
You hit the worm but do no damage. Your claw misses the worm.
The worm is severely wounded.
Throw: 5 boomerangs
Press: ? - help, Q - select action Shift-Dir - straight line, f/p - worm
Aim: a worm (severely wounded, 77% to hit)
You throw a boomerang. The boomerang hits the worm.
The worm is almost dead.
The worm bites you!
You die...

##########
#........#
#........#
#.@w.....#
#........#
#........#
#........#
#>.......+
#........#
#..#######
##..†..###
#####...###


You could see a worm.

Vanquished Creatures
  A worm (D:2)
  3 dart slugs (D:1)
  2 bats (D:1)
  2 endoplasms (D:1)
  3 giant cockroaches
  4 goblins
  6 hobgoblins
  A quokka (D:1)
  3 ball pythons (D:2)
  4 kobolds
  6 rats
35 creatures vanquished.

Vanquished Creatures (others)
  2 ball pythons (D:1)
2 creatures vanquished.

Grand Total: 37 creatures vanquished

Notes
Turn   | Place    | Note
-------+----------+-------------------------------------------
     0 | D:1      | DeathPants the Ghoul Monk began the quest for the Orb.
     0 | D:1      | Reached XP level 1. HP: 19/19 MP: 0/0
   269 | D:1      | Reached XP level 2. HP: 26/26 MP: 1/1
   638 | D:1      | Reached XP level 3. HP: 29/31 MP: 2/2
  1089 | D:1      | Found a faded altar of an unknown god.
  1699 | D:2      | Slain by a worm

Illustrated notes

Levels and vault maps discovered:
D:1:      minmay_arrival_floating_metal, layout_loops_cross,
          shapermc_ecumenical_altar_mp_urbaneastern, lemuel_flame_loot_1
D:2:      layout_basic, minmay_small_reverse_x

Skill      XL: |  1  2 |
---------------+-------+-----
Short Blades   | 3 |  3.1
Dodging        | 3 |  3.1
Fighting       | |  3.8
Stealth        | |  2.9

Action                     || total
---------------------------++-------
  Melee: Short sword       ||    79
         Dagger            ||   100
         Punch             ||     1
  Throw: Boomerang         ||    20
   Stab: Sleeping          ||     5
 Armour: Robe              ||    29
  Dodge: Dodged            ||    93

Table legend: (Time is in decaauts)
 A = Elapsed time spent in this place.
 B = Non-inter-level travel time spent in this place.
 C = Inter-level travel time spent in this place.
 D = Time resting spent in this place.
 E = Time spent auto-exploring this place.
 F = Levels seen in this place.
 G = Mean time per level.
                   A        B        C        D        E       F      G
               +--------+--------+--------+--------+--------+-----+--------+
         Total |   1702 |   1678 |     24 |     35 |   1207 |   2 |  851.0 |
       Dungeon |   1702 |   1678 |     24 |     35 |   1207 |   2 |  851.0 |
               +--------+--------+--------+--------+--------+-----+--------+

Top non-repeatable levels by time:
     D:1: 1354 daAuts
     D:2: 347 daAuts
